 Dungeon Crawl Stone Soup version 0.20.1-1-g8b1a95d (webtiles) character file.

907 Alannah the Shield-Bearer (level 7, -6/55 HPs)
             Began as a Demonspawn Fighter on July 17, 2017.
             Mangled by Menkaure (21 damage)
             ... on level 5 of the Dungeon.
             The game lasted 00:16:04 (5130 turns).

Alannah the Shield-Bearer (Demonspawn Fighter)      Turns: 5130, Time: 00:16:05

Health: -6/55      AC:  7    Str: 18    XL:     7   Next: 81%
Magic:  9/9        EV: 10    Int: 10    God:
Gold:   207        SH:  9    Dex: 12    Spells: 6/6 levels left

rFire    . . .     SeeInvis .   a - +0 long sword
rCold    . . .     Gourm    .   c - +0 shield
rNeg     . . .     Faith    .   b - +0 scale mail
rPois    .         Spirit   .   (helmet restricted)
rElec    .         Reflect  .   (no cloak)
rCorr    .         Harm     .   (no gloves)
MR       .....                  (no boots)
Stlth    ..........             (no amulet)
Regen    0.2/turn               (no ring)
MPRegen  0.2/turn               (no ring)

@: no status effects
A: antennae 1, repulsion field 2, powered by pain 1
a: no special abilities


You were on level 5 of the Dungeon.
You were hungry.

You visited 1 branch of the dungeon, and saw 5 of its levels.

You collected 207 gold pieces.

Inventory:

Hand Weapons
 a - a +0 long sword (weapon)
 j - a +0 short sword of speed
Armour
 b - a +0 scale mail (worn)
 c - a +0 shield (worn)
Wands
 q - a wand of lightning (6/15)
 x - a wand of iceblast (4/15)
Scrolls
 e - 2 scrolls of blinking {unknown}
 k - 3 scrolls of remove curse {unknown}
 l - 3 scrolls of identify {unknown}
 m - a scroll of magic mapping {unknown}
 n - a scroll of fear {unknown}
 p - a scroll of enchant armour {unknown}
 s - a scroll of teleportation {unknown}
 w - a scroll of amnesia {unknown}
 y - a scroll of immolation {unknown}
Potions
 d - a potion of might
 g - a potion of heal wounds {unknown}
 h - a potion of curing
 i - 2 potions of haste {unknown}
 o - a potion of lignification {unknown}
 t - a potion of berserk rage {unknown}
 u - a potion of flight {unknown}
Comestibles
 f - 5 bread rations
 r - 3 royal jellies
 v - 3 meat rations


   Skills:
 + Level 4.5 Fighting
 + Level 2.9(3.7) Short Blades
 + Level 3.5(4.1) Long Blades
 + Level 4.2 Armour
 + Level 4.6 Shields
 + Level 3.1 Evocations


You had 6 spell levels left.
You didn't know any spells.

Dungeon Overview and Level Annotations

Branches:
Dungeon (5/15)
 Temple: D:4-7

Altars:
Hepliaklqana
Trog
Xom

Annotations:
D:5 Menkaure


Innate Abilities, Weirdness & Mutations

You have a pair of small antennae on your head.
You are surrounded by a moderate repulsion field. (EV +3)
You sometimes gain a little power by taking damage.


Message History

You sense a monster nearby.
Menkaure, Prince of Dust comes into view.
Menkaure shouts!
Menkaure casts a spell at you. Pain shoots through your body!
Menkaure hits you!
You hit Menkaure.
Menkaure is lightly damaged.
Menkaure giggles, "These cerements are ticklish..."
Menkaure hits you!
You hit Menkaure.
Menkaure is moderately damaged.
Menkaure calls on the powers of darkness!
Your body is wracked with pain!
* * * LOW HITPOINT WARNING * * *
You slash Menkaure!
Menkaure is severely damaged.
Menkaure whispers drily.
Menkaure hits you!!
You die...

#.##.# ##.##.#
......#
##...#########
#...........#
#.#..†......#
##.###############
.................#
.#.#############@#
.#.##..........#M#
.#.##.########.#.#
.#.##.# #.#.#
.#.##.# #.#.#
.#.##.# #.#.#
.#.##.# #.#.#
.#.##.# #.#.#
.#.##.# #.#


You could see Menkaure.

Vanquished Creatures
  Eustachio (D:4)
  2 eyes of draining (D:4)
  A bullfrog (D:4)
  A crimson imp (D:5)
  2 orc wizards (D:4)
  An orc priest (D:3)
  A bullfrog skeleton (D:5)
  2 hounds
  A centaur skeleton (D:4)
  3 worker ants (D:4)
  A howler monkey skeleton (D:5)
  8 adders
  3 gnolls (D:3)
  2 oozes (D:1)
  A worm (D:3)
  2 dart slugs
  2 leopard geckos
  11 orcs
  9 giant cockroaches (D:2)
  8 goblins
  14 hobgoblins
  12 jackals
  A ball python (D:4)
  10 bats
  2 frilled lizards
  10 kobolds
  8 rats
119 creatures vanquished.

Notes
Turn   | Place    | Note
-------+----------+-------------------------------------------
     0 | D:1      | Alannah the Demonspawn Fighter began the quest for the Orb.
     0 | D:1      | Reached XP level 1. HP: 18/18 MP: 1/1
   200 | D:1      | Gained mutation: You are surrounded by a mild repulsion field. (EV +2) [demonic ancestry]
   200 | D:1      | Reached XP level 2. HP: 20/24 MP: 2/2
   386 | D:1      | Reached XP level 3. HP: 22/29 MP: 3/3
   851 | D:2      | Found a shimmering altar of Xom.
  1505 | D:3      | Gained mutation: You are surrounded by a moderate repulsion field. (EV +3) [demonic ancestry]
  1505 | D:3      | Reached XP level 4. HP: 35/36 MP: 4/4
  1877 | D:3      | Reached skill level 1 in Evocations
  2084 | D:3      | Reached skill level 1 in Short Blades
  2362 | D:3      | Gained mutation: You have a pair of small antennae on your head. [demonic ancestry]
  2362 | D:3      | Reached XP level 5. HP: 13/42 MP: 5/5
  3231 | D:4      | Noticed Eustachio
  3251 | D:4      | Killed Eustachio
  3251 | D:4      | Reached XP level 6. HP: 8/48 MP: 7/7
  3955 | D:4      | Found a bloodstained altar of Trog.
  3972 | D:4      | Gained mutation: You sometimes gain a little power by taking damage. [demonic ancestry]
  3972 | D:4      | Reached XP level 7. HP: 54/54 MP: 0/8
  4850 | D:5      | Entered Level 5 of the Dungeon
  4892 | D:5      | Found a hazy altar of Hepliaklqana.
  5126 | D:5      | Noticed Menkaure
  5130 | D:5      | Mangled by Menkaure

Skill      XL: |  1  2  3  4  5  6  7 |
---------------+----------------------+-----
Shields        | 3 4 |  4.6
Long Blades    | 2 3 |  3.5
Armour         | 3 4 |  4.2
Evocations     | 1 2 3 |  3.1
Short Blades   | 1 2 |  2.9
Fighting       | 4 |  4.5

Action                   |  1- 3 |  4- 6 |  7- 9 || total
-------------------------+-------+-------+-------++-------
Melee: Long sword        |   134 |   209 |   163 ||   506
  Use: Potion            |       |     4 |       ||     4
  Eat: Chunk             |     2 |     8 |     4 ||    14
Armor: Scale mail        |    66 |    77 |    64 ||   207
Dodge: Dodged            |    58 |   130 |    78 ||   266
Block: Shield            |    90 |   118 |    88 ||   296
       Rpst.: Long sword |    22 |    41 |    21 ||    84
